TOP OF THE 1ST |
London Majors batting - Pitching for York Revolution : LHP Cesar Andrade
|
Pitching: LHP Cesar Andrade
|
|
Batting: RHB Manny Elizondo
|
0-0: Ball 1-0: DOUBLE (Groundball, 3L, EV 105.6 MPH)
|
Batting: RHB Carlos Murillo
|
0-0: Foul Ball, location: 2F 0-1: Foul Ball, location: 2F 0-2: Foul Ball, location: 2F 0-2: Ball 1-2: Foul Ball, location: 2F 1-2: Foul Ball, location: 2F 1-2: Fly out, F9 (Line Drive, 9D, EV 90.0 MPH) Runner from 2nd tags up, SAFE at 3rd, no throw by RF
|
Batting: RHB Akira Kubo
|
0-0: Ball 1-0: Ball Wild Pitch! Manny Elizondo scores 2-0: Foul Ball, location: 2F 2-1: Ball 3-1: Foul Ball, location: 2F 3-2: Fly out, F2 (Popup, 25F, EV 93.1 MPH)
|
Batting: RHB Brandon Williams
|
0-0: Ground out 6-3 (Groundball, 6, EV 82.5 MPH)
|
Top of the 1st over - 1 run, 1 hit, 0 errors, 0 left on base; London 1 - York 0 |
BOTTOM OF THE 1ST |
York Revolution batting - Pitching for London Majors : RHP Shalom Diender
|
Pitching: RHP Shalom Diender
|
|
Batting: LHB Matt Urbanek
|
0-0: Called Strike 0-1: Ball 1-1: Foul Ball, location: 2F 1-2: SINGLE (Groundball, 34D, EV 100.0 MPH)
|
Batting: RHB Juan Valadez
|
0-0: Ball 1-0: Ball 2-0: Foul Ball, location: 2F 2-1: Foul Ball, location: 2F 2-2: Foul Ball, location: 2F 2-2: Foul Ball, location: 2F 2-2: Foul Ball, location: 2F 2-2: Ball 3-2: Grounds out, U3 (Groundball, 3L, EV 105.0 MPH)
|
Batting: RHB Tony Perez
|
0-0: Ball 1-0: Ball 2-0: Called Strike 2-1: Ball 3-1: Called Strike 3-2: Base on Balls
|
Batting: RHB Trent Hedrick
|
0-0: Ball 1-0: Called Strike 1-1: Ball Wild Pitch! Matt Urbanek to third Tony Perez to second 2-1: Foul Ball, location: 2F 2-2: Strikes out swinging
|
Batting: RHB Simon Mergeni
|
0-0: Foul Ball, location: 2F 0-1: Ball 1-1: Ground out 5-3 (Groundball, 5, EV 88.8 MPH)
|
Bottom of the 1st over - 0 runs, 1 hit, 0 errors, 2 left on base; London 1 - York 0 |
TOP OF THE 2ND |
London Majors batting - Pitching for York Revolution : LHP Cesar Andrade
|
Batting: RHB Rudolph Lentz
|
0-0: Called Strike 0-1: Ball 1-1: Ball 2-1: Called Strike 2-2: Foul Ball, location: 2F 2-2: Strikes out swinging
|
Batting: RHB Bruce Ayotte
|
0-0: Ball 1-0: Ball 2-0: Called Strike 2-1: Called Strike 2-2: Ball 3-2: Base on Balls
|
Batting: LHB Nate Greening
|
0-0: Called Strike Bruce Ayotte is caught stealing 2nd base 2-6 0-1: Ball 1-1: Called Strike 1-2: Ball 2-2: Foul Ball, location: 2F 2-2: Strikes out swinging
|
Top of the 2nd over - 0 runs, 0 hits, 0 errors, 0 left on base; London 1 - York 0 |
BOTTOM OF THE 2ND |
York Revolution batting - Pitching for London Majors : RHP Shalom Diender
|
Batting: SHB Steve DeRienzo
|
0-0: Ball 1-0: Ground out U3 (Groundball, 34, EV 92.5 MPH)
|
Batting: RHB Eddie Serna
|
0-0: Ground out 4-3 (Groundball, 13, EV 78.8 MPH)
|
Batting: LHB Travis Hahn
|
0-0: Called Strike 0-1: Ball 1-1: Swinging Strike 1-2: Ball 2-2: Ball 3-2: Base on Balls
|
Batting: RHB Alexis Graciani
|
0-0: Called Strike 0-1: Foul Ball, location: 2F 0-2: Ball 1-2: Strikes out looking
|
Bottom of the 2nd over - 0 runs, 0 hits, 0 errors, 1 left on base; London 1 - York 0 |
TOP OF THE 3RD |
London Majors batting - Pitching for York Revolution : LHP Cesar Andrade
|
Batting: RHB Lao-che Zhu
|
0-0: Ball 1-0: Ball 2-0: Called Strike 2-1: Called Strike 2-2: Fly out, F8 (Flyball, 89D, EV 90.0 MPH)
|
Batting: RHB Jorge Alva
|
0-0: Ball 1-0: Ball 2-0: SOLO HOME RUN (Flyball, 7D, EV 93.1 MPH), Distance : 363 ft
|
Batting: RHB Manny Elizondo
|
0-0: Called Strike 0-1: Ball 1-1: Swinging Strike 1-2: Ball 2-2: Strikes out looking
|
Batting: RHB Carlos Murillo
|
0-0: Swinging Strike 0-1: Foul Ball, location: 2F 0-2: Ball 1-2: Strikes out swinging
|
Top of the 3rd over - 1 run, 1 hit, 0 errors, 0 left on base; London 2 - York 0 |
BOTTOM OF THE 3RD |
York Revolution batting - Pitching for London Majors : RHP Shalom Diender
|
Batting: LHB Matt Urbanek
|
0-0: Called Strike 0-1: Ball 1-1: SINGLE (Groundball, 4M, EV 85.0 MPH) (infield hit)
|
Batting: RHB Juan Valadez
|
0-0: Ball 1-0: Called Strike 1-1: Fly out, F9 (Flyball, 9D, EV 103.8 MPH)
|
Batting: RHB Tony Perez
|
0-0: Called Strike 0-1: Ball Matt Urbanek steals 2nd base (no throw) 1-1: Swinging Strike 1-2: Hit by Pitch
|
Batting: RHB Trent Hedrick
|
0-0: Ball 1-0: Called Strike 1-1: Ball 2-1: Ball 3-1: Swinging Strike 3-2: Base on Balls Matt Urbanek to third Tony Perez to second
|
Batting: RHB Simon Mergeni
|
0-0: Ball 1-0: GRAND SLAM HOME RUN (Flyball, 78XD, EV 100.6 MPH), Distance : 419 ft
|
Batting: SHB Steve DeRienzo
|
0-0: Ball 1-0: Foul Ball, location: 2F 1-1: Swinging Strike 1-2: Ball 2-2: TRIPLE (Flyball, 89XD, EV 95.6 MPH)
|
Batting: RHB Eddie Serna
|
0-0: Called Strike 0-1: Ball 1-1: Ball 2-1: Swinging Strike 2-2: Strikes out swinging
|
Batting: LHB Travis Hahn
|
0-0: Foul Ball, location: 2F 0-1: Ball 1-1: Swinging Strike 1-2: Strikes out swinging
|
Bottom of the 3rd over - 4 runs, 3 hits, 0 errors, 1 left on base; London 2 - York 4 |
TOP OF THE 4TH |
London Majors batting - Pitching for York Revolution : LHP Cesar Andrade
|
Batting: RHB Akira Kubo
|
0-0: Ball 1-0: Foul Ball, location: 2F 1-1: SINGLE (Flyball, 78S, EV 87.5 MPH)
|
Batting: RHB Brandon Williams
|
0-0: Swinging Strike 0-1: Swinging Strike 0-2: Strikes out looking
|
Batting: RHB Rudolph Lentz
|
0-0: Called Strike 0-1: Foul Ball, location: 2F 0-2: Ball 1-2: SINGLE (Groundball, 56D, EV 100.6 MPH) Akira Kubo to second
|
Batting: RHB Bruce Ayotte
|
0-0: Called Strike 0-1: Ball 1-1: Grounds into double play, 6-4-3 (Groundball, 6, EV 85.0 MPH)
|
Top of the 4th over - 0 runs, 2 hits, 0 errors, 1 left on base; London 2 - York 4 |
BOTTOM OF THE 4TH |
York Revolution batting - Pitching for London Majors : RHP Shalom Diender
|
Batting: RHB Alexis Graciani
|
0-0: Foul Ball, location: 2F 0-1: Ball 1-1: Bunted foul 1-2: Ball 2-2: Strikes out swinging
|
Batting: LHB Matt Urbanek
|
0-0: Ball 1-0: SINGLE (Groundball, 4MD, EV 95.6 MPH)
|
Batting: RHB Juan Valadez
|
0-0: Ball 1-0: Ball 2-0: Ball 3-0: Base on Balls Matt Urbanek to second
|
Batting: RHB Tony Perez
|
0-0: Ball 1-0: Fielders Choice at 2nd, 4-6 (Groundball, 4, EV 91.9 MPH) Matt Urbanek to third
|
Batting: RHB Trent Hedrick
|
0-0: Foul Ball, location: 2F 0-1: Fielders Choice at 2nd, U4 (Groundball, 4M, EV 104.4 MPH)
|
Bottom of the 4th over - 0 runs, 1 hit, 0 errors, 2 left on base; London 2 - York 4 |
TOP OF THE 5TH |
London Majors batting - Pitching for York Revolution : LHP Cesar Andrade
|
Batting: LHB Nate Greening
|
0-0: Ball 1-0: Ball 2-0: Ball 3-0: Called Strike 3-1: Base on Balls
|
Batting: RHB Lao-che Zhu
|
0-0: Called Strike 0-1: Ball 1-1: DOUBLE (Line Drive, 9LM, EV 93.8 MPH) Nate Greening to third
|
Batting: RHB Jorge Alva
|
0-0: Foul Ball, location: 2F 0-1: Ball 1-1: Swinging Strike 1-2: Strikes out swinging
|
Batting: RHB Manny Elizondo
|
0-0: Called Strike 0-1: Fly out, F7 (Line Drive, 78M, EV 86.9 MPH) Runner from 3rd tags up, SCORES, throw by LF
|
Batting: RHB Carlos Murillo
|
0-0: Called Strike 0-1: Foul Ball, location: 2F 0-2: Strikes out swinging
|
Top of the 5th over - 1 run, 1 hit, 0 errors, 1 left on base; London 3 - York 4 |
BOTTOM OF THE 5TH |
York Revolution batting - Pitching for London Majors : RHP Shalom Diender
|
Batting: RHB Simon Mergeni
|
0-0: Called Strike 0-1: Called Strike 0-2: Ball 1-2: Foul Ball, location: 2F 1-2: Ball 2-2: Foul Ball, location: 2F 2-2: Foul Ball, location: 2F 2-2: Strikes out swinging
|
Batting: SHB Steve DeRienzo
|
0-0: Called Strike 0-1: Swinging Strike 0-2: Foul Ball, location: 2F 0-2: Ball 1-2: Fly out, F9 (Line Drive, 9D, EV 94.4 MPH)
|
Batting: RHB Eddie Serna
|
0-0: Called Strike 0-1: Foul Ball, location: 2F 0-2: Ball 1-2: Ball 2-2: Hit by Pitch
|
Batting: LHB Travis Hahn
|
0-0: Called Strike 0-1: Fly out, F9 (Flyball, 9, EV 81.2 MPH)
|
Bottom of the 5th over - 0 runs, 0 hits, 0 errors, 1 left on base; London 3 - York 4 |
TOP OF THE 6TH |
London Majors batting - Pitching for York Revolution : LHP Cesar Andrade
|
Pitching: RHP Dave Gomez
|
|
Batting: RHB Akira Kubo
|
0-0: Ground out 6-3 (Groundball, 6, EV 88.8 MPH)
|
Batting: RHB Brandon Williams
|
0-0: Foul Ball, location: 2F 0-1: Ball 1-1: Ball 2-1: Foul Ball, location: 2F 2-2: Ball 3-2: DOUBLE (Line Drive, 78D, EV 97.5 MPH)
|
Batting: RHB Rudolph Lentz
|
0-0: Called Strike 0-1: Foul Ball, location: 2F 0-2: Strikes out swinging
|
Batting: RHB Bruce Ayotte
|
0-0: Swinging Strike 0-1: Ball 1-1: Ball 2-1: Ball 3-1: Base on Balls
|
Batting: LHB Nate Greening
|
0-0: Swinging Strike 0-1: Ball 1-1: Swinging Strike 1-2: Strikes out swinging
|
Top of the 6th over - 0 runs, 1 hit, 0 errors, 2 left on base; London 3 - York 4 |
BOTTOM OF THE 6TH |
York Revolution batting - Pitching for London Majors : RHP Shalom Diender
|
Pitching: LHP Kevin Snider
|
|
Batting: RHB Alexis Graciani
|
0-0: Called Strike 0-1: Ball 1-1: Called Strike 1-2: Strikes out looking
|
Batting: LHB Matt Urbanek
|
0-0: Ball 1-0: Foul Ball, location: 2F 1-1: Ball 2-1: Ball 3-1: Foul Ball, location: 2F 3-2: Foul Ball, location: 2F 3-2: Base on Balls
|
Batting: RHB Juan Valadez
|
0-0: Ball Matt Urbanek steals 2nd base 1-0: Ball 2-0: Swinging Strike 2-1: Foul Ball, location: 2F 2-2: Ball 3-2: Ground out 5-3 (Groundball, 5, EV 103.1 MPH)
|
Batting: RHB Tony Perez
|
0-0: Ball Matt Urbanek is caught stealing 3rd base 2-5
|
Bottom of the 6th over - 0 runs, 0 hits, 0 errors, 0 left on base; London 3 - York 4 |
TOP OF THE 7TH |
London Majors batting - Pitching for York Revolution : RHP Dave Gomez
|
Batting: RHB Lao-che Zhu
|
0-0: Ball 1-0: Ball 2-0: Called Strike 2-1: Swinging Strike 2-2: Fly out, F5 (Popup, 5S, EV 62.5 MPH)
|
Batting: RHB Jorge Alva
|
0-0: Foul Ball, location: 2F 0-1: Foul Ball, location: 2F 0-2: Strikes out swinging
|
Batting: RHB Manny Elizondo
|
0-0: Ball 1-0: Foul Ball, location: 2F 1-1: Ball 2-1: Foul Ball, location: 2F 2-2: Foul Ball, location: 2F 2-2: SINGLE (Groundball, 56S, EV 68.1 MPH) (infield hit)
|
Batting: RHB Carlos Murillo
|
0-0: Called Strike 0-1: Ball 1-1: Called Strike 1-2: Ball 2-2: Fly out, F8 (Flyball, 8LD, EV 106.9 MPH)
|
Top of the 7th over - 0 runs, 1 hit, 0 errors, 1 left on base; London 3 - York 4 |
BOTTOM OF THE 7TH |
York Revolution batting - Pitching for London Majors : LHP Kevin Snider
|
Batting: RHB Tony Perez
|
0-0: Foul Ball, location: 2F 0-1: Swinging Strike 0-2: Ball 1-2: SOLO HOME RUN (Flyball, 89XD, EV 98.1 MPH), Distance : 396 ft
|
Batting: RHB Trent Hedrick
|
0-0: Fly out, F5 (Popup, 5SF, EV 84.4 MPH)
|
Batting: RHB Simon Mergeni
|
0-0: Ball 1-0: Ball 2-0: Fly out, F7 (Flyball, 7D, EV 101.9 MPH)
|
Batting: SHB Steve DeRienzo
|
0-0: Ball 1-0: Foul Ball, location: 2F 1-1: Ball 2-1: Ball 3-1: Called Strike 3-2: Ground out 5-3 (Groundball, 5, EV 81.9 MPH)
|
Bottom of the 7th over - 1 run, 1 hit, 0 errors, 0 left on base; London 3 - York 5 |
TOP OF THE 8TH |
London Majors batting - Pitching for York Revolution : RHP Dave Gomez
|
Batting: RHB Akira Kubo
|
0-0: Fly out, F8 (Flyball, 8LD, EV 98.1 MPH)
|
Batting: RHB Brandon Williams
|
0-0: Called Strike 0-1: Swinging Strike 0-2: Foul Ball, location: 2F 0-2: Ball 1-2: Foul Ball, location: 2F 1-2: Ball 2-2: Ball 3-2: Foul Ball, location: 2F 3-2: Base on Balls
|
Pitching: RHP Bobby Acevedo
|
|
Pinch Hitting: SHB Mike Fermin
|
0-0: Reached on error, E5 (Groundball, 5, EV 90.6 MPH) Brandon Williams to second
|
Batting: RHB Bruce Ayotte
|
0-0: Called Strike 0-1: Grounds into double play, 5-4-3 (Groundball, 56, EV 83.1 MPH)
|
Top of the 8th over - 0 runs, 0 hits, 1 error, 1 left on base; London 3 - York 5 |
BOTTOM OF THE 8TH |
York Revolution batting - Pitching for London Majors : LHP Kevin Snider
|
Pitching: LHP Mike Hayden
|
|
Now in RF: Benedikt Fleischmann
|
|
Batting: RHB Eddie Serna
|
0-0: Foul Ball, location: 2F 0-1: Foul Ball, location: 2F 0-2: Ball 1-2: Ball 2-2: Foul Ball, location: 2F 2-2: DOUBLE (Line Drive, 9LD, EV 101.2 MPH)
|
Batting: RHB Joel Gomez
|
0-0: Intentional Walk
|
Batting: RHB Alexis Graciani
|
0-0: Ball 1-0: Swinging Strike 1-1: Foul Ball, location: 2F 1-2: Strikes out swinging
|
Batting: LHB Matt Urbanek
|
0-0: Called Strike 0-1: Swinging Strike 0-2: Foul Ball, location: 2F 0-2: Ball 1-2: Ball 2-2: Fielders Choice at 2nd, 1-4 (Groundball, 15, EV 71.2 MPH) Eddie Serna to third
|
Batting: RHB Juan Valadez
|
0-0: Ball 1-0: Ball Wild Pitch! Eddie Serna scores Matt Urbanek to second 2-0: Called Strike 2-1: Swinging Strike 2-2: Ball 3-2: Fly out, F3 (Popup, 3F, EV 81.9 MPH)
|
Bottom of the 8th over - 1 run, 1 hit, 0 errors, 1 left on base; London 3 - York 6 |
TOP OF THE 9TH |
London Majors batting - Pitching for York Revolution : RHP Bobby Acevedo
|
Pinch Hitting: RHB Chad Colyer
|
0-0: Ball 1-0: Foul Ball, location: 2F 1-1: Fly out, F9 (Flyball, 89D, EV 96.9 MPH)
|
Batting: RHB Lao-che Zhu
|
0-0: Called Strike 0-1: Ball 1-1: Swinging Strike 1-2: Foul Ball, location: 2F 1-2: Strikes out swinging
|
Batting: RHB Jorge Alva
|
0-0: Ball 1-0: Ball 2-0: Called Strike 2-1: Ball 3-1: Base on Balls
|
Batting: RHB Manny Elizondo
|
0-0: Ball 1-0: 2-RUN HOME RUN (Flyball, 7D, EV 92.5 MPH), Distance : 366 ft
|
Batting: RHB Carlos Murillo
|
0-0: Called Strike 0-1: Ball 1-1: Fly out, F9 (Flyball, 89M, EV 86.9 MPH)
|
Top of the 9th over - 2 runs, 1 hit, 0 errors, 0 left on base; London 5 - York 6 |
|